 Dungeon Crawl Stone Soup version 0.27.0-1-g7a089689b8 (webtiles) character file.

Game seed: 9253892483109046300

12 Descartes the Ruffian (level 2, -3/29 HPs)
             Began as a Troll Chaos Knight on Aug 1, 2021.
             Was a Plaything of Xom.
             Slain by an ogre (16 damage)
             ... on level 2 of the Dungeon.
             The game lasted 00:00:46 (638 turns).

Descartes the Ruffian (Troll Chaos Knight)           Turns: 638, Time: 00:00:46

Health: -3/29      AC:  6    Str: 19    XL:     2   Next: 20%
Magic:  1/1        EV: 10    Int:  8    God:    Xom [.*....]
Gold:   0          SH:  0    Dex:  9    Spells: 1/1 levels left

rFire    . . .     SeeInvis .     - Unarmed
rCold    . . .     Faith    .   (no shield)
rNeg     . . .     Spirit   .   a - +2 robe
rPois    .         Reflect  .   (helmet restricted)
rElec    .         Harm     .   (no cloak)
rCorr    .         Rampage  .   (gloves unavailable)
Will     .....                  (boots unavailable)
Stlth    +.........             (no amulet)
HPRegen  1.09/turn              (no ring)
MPRegen  0.07/turn              (no ring)

@: no status effects
A: large, unfitting armour, claws 3, regeneration 1, shaggy fur 1, tough skin 1
a: Renounce Religion


You were on level 2 of the Dungeon.
You worshipped Xom.
You were a plaything of Xom.
You visited 1 branch of the dungeon, and saw 2 of its levels.

Inventory:

Missiles
 b - 11 stones (quivered)
Armour
 a - a +2 robe (worn)
Scrolls
 c - a scroll of fear {unknown}


   Skills:
 - Level 2.4 Fighting
 + Level 2.3 Dodging
 + Level 3.3 Unarmed Combat


You had one spell level left.
You didn't know any spells.
Your spell library contained the following spells:

 Spells                   Type           Power      Damage    Failure   Level
 Apportation              Tloc           0%         N/A       41%         1
 Alistair's Intoxication  Tmut/Pois      0%         N/A       100%        5
 Invisibility             Hex            0%         N/A       100%        6


Dungeon Overview and Level Annotations

Branches:
Dungeon (2/15)

Altars:


Innate Abilities, Weirdness & Mutations

You are too large for most types of armour.
You have claws for hands.
Your natural rate of healing is unusually fast.
You are covered in fur. (AC +1)
You have tough skin. (AC +1)


Message History

The hobgoblin barely misses you.
You barely miss the hobgoblin.
The hobgoblin hits you but does no damage.
You claw the hobgoblin!
You kill the hobgoblin!
You barely miss the ogre. The ogre closely misses you.
You scratch the ogre but do no damage. The ogre closely misses you.
You scratch the ogre.
The ogre is lightly wounded.
You claw the ogre!
The ogre is moderately wounded.
The ogre misses you.
The rat twitches its whiskers.
You scratch the ogre but do no damage.
The ogre is moderately wounded.
The ogre hits you with a +0 giant club!
Ouch! That really hurt!
You are too injured to fight recklessly!
You are too injured to fight recklessly!
You are too injured to fight recklessly!
You are too injured to fight recklessly!
You are too injured to fight recklessly!
You are too injured to fight recklessly!
You are too injured to fight recklessly!
You are too injured to fight recklessly!
You are too injured to fight recklessly!
You are too injured to fight recklessly!
You are too injured to fight recklessly!
You are too injured to fight recklessly!
You are too injured to fight recklessly!
You are too injured to fight recklessly!
You are too injured to fight recklessly!
You are too injured to fight recklessly!
You are too injured to fight recklessly!
You claw the ogre!
The ogre is severely wounded.
The ogre hits you with a +0 giant club!
Ouch! That really hurt!
You die...
Xom giggles madly!

#### ..# ##### #.#
#...
##.#####.###.###.##.#
#....<<..............
....#####†###@###.##.#
# #....b#O# #.#.#.#r#
#.#.#.#.# # #.# #.#
... ..# ... ... #.#
...


You could see an ogre and a rat.

Vanquished Creatures
  An endoplasm (D:1)
  A giant cockroach (D:1)
  A hobgoblin (D:2)
  A kobold (D:1)
  2 ball pythons (D:1)
  2 bats (D:2)
  2 frilled lizards (D:1)
  3 rats (D:1)
13 creatures vanquished.

Notes
Turn   | Place    | Note
-------+----------+-------------------------------------------
     0 | D:1      | Descartes the Troll Chaos Knight began the quest for the
                  | Orb.
     0 | D:1      | Reached XP level 1. HP: 22/22 MP: 0/0
   238 | D:1      | Found a faded altar of an unknown god.
   398 | D:1      | XOM: silly message
   501 | D:1      | Reached XP level 2. HP: 29/29 MP: 1/1
   619 | D:2      | Noticed an ogre
   628 | D:2      | XOM: silly message
   638 | D:2      | Slain by an ogre

Illustrated notes

Levels and vault maps discovered:
D:1:      saegor_arrival_simple_a, layout_loops_cross,
          dilly_ecumenical_altar_fadedgnrine
D:2:      layout_loops_ring, minmay_strange_pillars, lightli_corner_chamber

Skill      XL: |  1 |
---------------+----+-----
Dodging        | 2 |  2.3
Fighting       | |  2.4
Unarmed Combat | |  3.3

Action                   || total
-------------------------++-------
Melee: Unarmed           ||    50
       Punch             ||     1
Armor: Robe              ||    30
Dodge: Dodged            ||    31
